Map: Submarine LE

Players

Throwfordays - Winner!

  • Race: Zerg Zerg
  • League: Silver
  • Spawn Location: 11:00

LinfocitoTHd

  • Race: Protoss Protoss
  • League: Silver
  • Spawn Location: 5:00

VOD

Have the link to the VOD?

Description

Time

  • Played on: June 29, 2020, 8:57 p.m.
  • Length: 5:01
Show
View Real Time Build Order
Export as new Build Order

Throwfordays Zerg - Winner!

Build Orders: Hatch First 

Get SALT Encoding   

  12  0:01  Drone  
  13  0:13  Overlord  
  13  0:17  Drone  
  14  0:32  Drone  
  14  0:34  Drone  
  16  0:51  Hatchery  
  16  0:52  Drone  
  16  1:06  Spawning Pool  
  16  1:09  Drone  
  16  1:12  Extractor  
  16  1:17  Drone  
  16  1:20  Drone  
  16  1:22  Drone  
  18  1:33  Drone  
  19  1:53  Zergling x4  
  21  2:02  Queen  
  21  2:03  Queen  
  21  2:04  Overlord  
  21  2:07  Overlord  
  25  2:18  Baneling Nest  
  24  2:26  Zergling x4  
  24  2:29  Zergling x4  
  28  2:37  Extractor  
  28  2:38  Drone  
  28  2:43  Zergling x2  
  29  2:45  Metabolic Boost  
  29  2:58  Zergling x4  
  31  3:00  Zergling x4  
  33  3:11  Drone  
  34  3:13  Drone  
  34  3:15  Drone x2  
  37  3:21  Overlord  
  37  3:41  Zergling x6  
  37  3:44  Baneling x6  
  40  3:51  Drone x2  
  40  3:54  Drone  
  43  4:08  Drone  
  44  4:12  Drone  
  44  4:13  Drone x4  
  44  4:15  Drone  
  50  4:21  Overlord  
Show
View Real Time Build Order
Export as new Build Order

LinfocitoTHd Protoss 

Build Orders:  

Get SALT Encoding   

  12  0:02  Probe  
  13  0:14  Probe  
  14  0:21  Pylon  
  14  0:25  Probe  
  15  0:35  Probe  
  16  0:44  Probe  
  16  0:49  Gateway  
  17  0:56  Probe  
  18  0:59  Assimilator  
  18  1:08  Probe  
  19  1:20  Probe  
  21  1:32  Probe  
  21  1:47  Cybernetics Core  
  21  1:54  Gateway  
  21  1:58  Nexus  
  21  2:05  Pylon  
  21  2:14  Assimilator  
  21  2:16  Probe  
  21  2:18  Stalker  
  22  2:24  Probe  
  25  2:31  Warp Gate  
  25  2:33  Probe  
  26  2:45  Probe  
  27  2:57  Probe  
  28  3:08  Adept, Robotics Facility  
  30  3:15  Probe x2  
  30  3:17  Pylon  
  32  3:23  Probe x2  
  32  3:28  Adept  
  32  3:31  Probe  
  32  3:32  Probe  
  38  3:46  Adept  
  40  3:50  Probe x2  
  42  4:03  Robotics Bay  
  42  4:07  Pylon  
  42  4:20  Twilight Council  
  42  4:25  Pylon  
  42  4:29  Forge  
  42  4:35  Stalker x2  
  42  4:37  Gateway x2  
  44  4:40  Gateway  
Tags
 
Matchup
PvZ
Replay Pack
Multiplayer
Spawn Locations
Cross Positions
Add a new tag
Caveats
  • Supply blocks, unpowered buildings, or Contaminate may cause inaccurate times.
  • Supply counts are checked every 10 seconds.